 Dungeon Crawl Stone Soup version 0.21-a0-498-g1b60429 (webtiles) character file.

57 Megalobster the Sneak (level 3, -7/16 HPs)
             Began as a Spriggan Enchanter on Nov 24, 2017.
             Killed from afar by Robin (8 damage)
             ... with a wand of flame (18)
             ... on level 2 of the Dungeon.
             The game lasted 00:07:06 (2133 turns).

Megalobster the Sneak (Spriggan Enchanter)          Turns: 2133, Time: 00:07:07

Health: -7/16      AC:  2    Str:  5    XL:     3   Next: 73%
Magic:  0/8        EV: 19    Int: 16    God:
Gold:   152        SH:  0    Dex: 16    Spells: 2/8 levels left

rFire    . . .     SeeInvis +   a - +1 dagger
rCold    . . .     Gourm    .   (shield restricted)
rNeg     . . .     Faith    .   b - +0 robe
rPois    .         Spirit   .   (helmet restricted)
rElec    .         Reflect  .   (no cloak)
rCorr    .         Harm     .   (gloves unavailable)
MR       .....                  (boots unavailable)
Stlth    +++.......             (no amulet)
HPRegen  0.05/turn              (no ring)
MPRegen  0.11/turn              (no ring)

@: very quick
A: very small, unfitting armour, see invisible, herbivore 3, speed 3, slow
metabolism 2
a: no special abilities


You were on level 2 of the Dungeon.
You were not hungry.

You visited 1 branch of the dungeon, and saw 2 of its levels.

You collected 152 gold pieces.

Inventory:

Hand Weapons
 a - a +1 dagger (weapon)
Armour
 b - a +0 robe (worn)
Scrolls
 g - 2 scrolls of remove curse
 h - a scroll of teleportation {unknown}
 i - a scroll of noise {unknown}
 j - 2 scrolls of enchant weapon {unknown}
 l - a scroll of fear {unknown}
 m - a scroll of blinking {unknown}
 q - a scroll of identify {unknown}
Potions
 e - a potion of brilliance {unknown}
 k - a potion of ambrosia {unknown}
 n - a potion of magic {unknown}
 o - a potion of invisibility {unknown}
 p - a potion of heal wounds {unknown}
 r - a potion of agility {unknown}
Books
 c - a book of Maledictions

   Spells                             Type                      Level
   a - Corona                         Hexes                        1
   b - Ensorcelled Hibernation        Hexes/Ice                    2
   c - Confuse                        Hexes                        3
   d - Tukima's Dance                 Hexes                        3
   e - Dazzling Spray                 Conjuration/Hexes            3
Comestibles
 d - a bread ration
 f - a fruit


   Skills:
 + Level 1.7 Short Blades
 + Level 3.4 Dodging
 * Level 5.4 Stealth
 + Level 3.1 Spellcasting
 * Level 4.4 Hexes


You had 2 spell levels left.
You knew the following spells:

 Your Spells              Type           Power        Failure   Level  Hunger
a - Corona                Hex            ###....      3%          1    None
b - Ensorcelled Hibernat  Hex/Ice        #.....       11%         2    ##.....
c - Confuse               Hex            ###.....     9%          3    ###....


Dungeon Overview and Level Annotations

Branches:
Dungeon (2/15)

Altars:

Annotations:
D:2 Robin


Innate Abilities, Weirdness & Mutations

You are very small and have problems with some larger weapons.
You are too small for most types of armour.
You have supernaturally acute eyesight. (SInv)
You are a herbivore.
You cover ground extremely quickly.
You need consume almost no food.


Message History

Press: ? - help, Shift-Dir - straight line, f - Robin
Aim: Robin, wielding a spear, wearing an animal skin, wearing a helmet and carrying a wand of flame (18) (severely wounded, chance to defeat MR: 55%) Robin appears confused.
Robin drinks a potion.
Robin is healed!
Robin seems less confused.
Casting: Confuse
Confirm with . or Enter, or press ? or * to list all spells.
Aiming: Ensorcelled Hibernation
Press: ? - help, Shift-Dir - straight line, f/p - Robin
Aim: Robin, wielding a spear, wearing an animal skin, wearing a helmet and carrying a wand of flame (18) (moderately wounded, chance to defeat MR: 50%) Robin resists with some effort.
Robin hits you with a spear.
* * * LOW HITPOINT WARNING * * *
Casting: Ensorcelled Hibernation
Confirm with . or Enter, or press ? or * to list all spells.
Aiming: Confuse
Press: ? - help, Shift-Dir - straight line, f/p - Robin
Aim: Robin, wielding a spear, wearing an animal skin, wearing a helmet and carrying a wand of flame (18) (moderately wounded, chance to defeat MR: 55%) Robin resists with significant effort.
Robin zaps a wand.
The puff of flame hits you!
Ouch! That really hurt!
You die...

......##...##.##.# .# #
..... ......g...........+
.#### ##...............##
.................#
......##.####.##.# #
......##.####.##g# ..
......#....##.##.###.##.
.#
......#.........g.......
..# .
#####.#....##.##@###....
#..#..
......'....##...........#
##..#..
.######....#####.###.##.#
#......
#.....#####.###.##.#
#...#..
##...........##.##.#
#...#..
#....######.##.##.#
#...#.. #....#
#.##.##.###...#.. #....#
#..#.##..†....... ##.###
#..#.##.#........


You could see Robin and a goblin.

Vanquished Creatures
  An adder (D:2)
  An ooze (D:1)
  3 leopard geckos (D:1)
  A ball python (D:1)
  2 giant cockroaches (D:1)
  4 goblins
  3 hobgoblins
  5 jackals (D:1)
  A quokka (D:2)
  5 bats
  4 frilled lizards (D:1)
  3 kobolds (D:1)
  7 rats
  2 toadstools (D:1)
42 creatures vanquished.

Vanquished Creatures (others)
  2 toadstools (D:1)
2 creatures vanquished.

Grand Total: 44 creatures vanquished

Notes
Turn   | Place    | Note
-------+----------+-------------------------------------------
     0 | D:1      | Megalobster the Spriggan Enchanter began the quest for the Orb.
     0 | D:1      | Reached XP level 1. HP: 9/9 MP: 5/5
   279 | D:1      | Reached XP level 2. HP: 5/13 MP: 6/6
   473 | D:1      | Learned a level 2 spell: Ensorcelled Hibernation
  1090 | D:1      | Reached skill level 5 in Stealth
  1120 | D:1      | Reached XP level 3. HP: 16/16 MP: 8/8
  1291 | D:1      | Learned a level 3 spell: Confuse
  1913 | D:2      | Noticed Robin
  2133 | D:2      | Killed from afar by Robin

Vault maps used:
D:1:      ldierk_water_garden, st_stairs_1
D:2:      bloody_makhleb, uniq_robin

Skill      XL: |  1  2 |
---------------+-------+-----
Hexes          | 4 |  4.4
Spellcasting   | 3 |  3.1
Stealth        | 5 |  5.4
Short Blades   | |  1.7
Dodging        | |  3.4

Action                   || total
-------------------------++-------
Melee: Dagger            ||   141
 Cast: Ensorcelled Hiber ||    14
       Confuse           ||     4
  Use: Scroll            ||     1
 Stab: Sleeping          ||    21
       Distracted        ||     1
Armor: Robe              ||    14
Dodge: Dodged            ||   115

Table legend:
 A = Spawn XP
 B = Non-spawn XP
 C = Spawn XP percentage of total XP
 D = Spawn monster count
 E = Non-spawn monster count
 F = Spawn count percentage of total count
 G = Total turns spent on level
                    A         B        C        D         E        F      G
               +---------+---------+-------+---------+---------+-------+---------
         Total |       0 |      82 |   0.0 |       0 |      40 |   0.0 |  2133
               +---------+---------+-------+---------+---------+-------+---------
           D:1 |       0 |      56 |   0.0 |       0 |      31 |   0.0 |  1670
           D:2 |       0 |      26 |   0.0 |       0 |       9 |   0.0 |   463
               +---------+---------+-------+---------+---------+-------+---------
